 Dungeon Crawl Stone Soup version 0.21.1-1-g345015fe64 (webtiles) character file.

317 Ivernyr the Ogre Mage (level 6, 0/62 HPs)
             Began as an Ogre Wizard on Mar 31, 2018.
             Slain by a sky beast (5 damage)
             ... on level 5 of the Dungeon.
             The game lasted 00:21:05 (7252 turns).

Ivernyr the Ogre Mage (Ogre Wizard)                 Turns: 7252, Time: 00:21:05

Health: 0/62       AC:  3    Str: 12    XL:     6   Next: 45%
Magic:  6/13       EV:  9    Int: 21    God:
Gold:   223        SH:  0    Dex:  7    Spells: 6/15 levels left

rFire    + . .     SeeInvis .   (no weapon)
rCold    + . .     Gourm    .   (no shield)
rNeg     . . .     Faith    .   a - +0 robe
rPois    .         Spirit   .   b - +0 hat
rElec    .         Reflect  .   q - scarf {rC+ rF+}
rCorr    .         Harm     .   (gloves unavailable)
MR       .....                  (boots unavailable)
Stlth    +.........             (no amulet)
HPRegen  0.20/turn              o - ring of fire
MPRegen  0.13/turn              n - ring of ice

@: drained
A: large, unfitting armour, tough skin 1
a: no special abilities


You were on level 5 of the Dungeon.
You were hungry.

You visited 1 branch of the dungeon, and saw 5 of its levels.

You collected 223 gold pieces.

Inventory:

Armour
 a - a +0 robe (worn)
 b - a +0 hat (worn)
 q - a scarf of resistance (worn)
Jewellery
 n - a ring of ice (right hand)
 o - a ring of fire (left hand)
Wands
 p - a wand of flame (24)
Scrolls
 e - 4 scrolls of remove curse {unknown}
 g - 3 scrolls of identify {unknown}
 i - 2 scrolls of magic mapping {unknown}
 m - 2 scrolls of enchant armour {unknown}
 r - a scroll of amnesia {unknown}
 t - a scroll of noise {unknown}
 u - a scroll of fear {unknown}
 v - a scroll of enchant weapon {unknown}
Potions
 f - a potion of berserk rage {unknown}
 h - a potion of haste {unknown}
 j - 4 potions of curing {unknown}
 k - 2 potions of invisibility {unknown}
 l - 2 potions of degeneration {unknown}
 s - a potion of agility {unknown}
Books
 c - a book of Minor Magic

   Spells                             Type                      Level
   a - Magic Dart                     Conjuration                  1
   b - Blink                          Translocation                2
   c - Call Imp                       Summoning                    2
   d - Slow                           Hexes                        2
   e - Conjure Flame                  Conjuration/Fire             3
   f - Mephitic Cloud                 Conjuration/Poison/Air       3
Comestibles
 d - 9 rations


   Skills:
 + Level 3.7(3.2) Fighting
 - Level 2.0(1.5) Dodging
 - Level 1.4(0.9) Stealth
 + Level 5.0(4.5) Spellcasting
 * Level 4.0(3.6) Conjurations
   Level 0.8(0.4) Summonings
 - Level 0.8(0.4) Translocations


You had 6 spell levels left.
You knew the following spells:

 Your Spells              Type           Power        Failure   Level  Hunger
a - Magic Dart            Conj           ###.         2%          1    None
b - Blink                 Tloc           N/A          14%         2    #......
c - Conjure Flame         Conj/Fire      ###.....     16%         3    ##.....
d - Mephitic Cloud        Conj/Pois/Air  #.......     21%         3    ##.....


Dungeon Overview and Level Annotations

Branches:
Dungeon (5/15)
 Temple: D:4-7

Altars:
Okawaru

Annotations:
D:3 Balth's ghost, amateur TrBe


Innate Abilities, Weirdness & Mutations

You are too large for most types of armour.
You have tough skin. (AC +1)


Message History

Press: ? - help, Shift-Dir - straight line, f/p - centaur
Aim: a centaur, wielding a shortbow (heavily wounded)
The magic dart hits something.
The centaur shoots an arrow.
The arrow hits you! The centaur skeleton barely misses you.
The centaur shoots an arrow.
The arrow hits you!
* * * LOW HITPOINT WARNING * * *
Casting: Magic Dart
Confirm with . or Enter, or press ? or * to list all spells.
Aiming: Magic Dart
Press: ? - help, Shift-Dir - straight line, f/p - centaur
Aim: a centaur, wielding a shortbow (heavily wounded)
The magic dart hits something.
Something hits you but does no damage. The centaur skeleton hits you.
* * * LOW HITPOINT WARNING * * *
The centaur shoots an arrow.
The arrow hits you.
* * * LOW HITPOINT WARNING * * *
Something hits you.
* * * LOW HITPOINT WARNING * * *
Something shocks you.
You die...

##### #...
#####.######
###....)......
#...........##
#####(#........<..
#.....#..##.#...##
##.###.#...#.#...#
#(@...............#
#{Z.#...#...#...#.>
#..#...#...#...#..#
#(#...#...#[..#[..#
#..#...#...#...#...
....#...#...#...
#.c.............
...#...#...#...
....#. #.


You could see a centaur and a centaur skeleton.

Vanquished Creatures
  A jelly (D:4)
  Jessica (D:2)
  An orc wizard (D:3)
  2 worker ants (D:4)
  7 adders
  2 oozes
  An adder skeleton (D:4)
  A worm (D:4)
  3 dart slugs (D:2)
  7 leopard geckos
  10 orcs
  8 bats
  5 giant cockroaches
  8 goblins
  9 hobgoblins
  5 jackals
  3 quokkas
  A ball python (D:2)
  4 frilled lizards
  A jackal skeleton (D:4)
  8 kobolds
  A leopard gecko skeleton (D:5)
  6 rats
95 creatures vanquished.

Notes
Turn   | Place    | Note
-------+----------+-------------------------------------------
     0 | D:1      | Ivernyr the Ogre Wizard began the quest for the Orb.
     0 | D:1      | Reached XP level 1. HP: 16/16 MP: 5/5
     5 | D:1      | Reached skill level 1 in Conjurations
   211 | D:1      | Reached XP level 2. HP: 26/26 MP: 4/6
   408 | D:1      | Reached skill level 1 in Fighting
   439 | D:1      | Learned a level 2 spell: Blink
   789 | D:1      | Reached XP level 3. HP: 19/33 MP: 0/8
  1239 | D:2      | Learned a level 3 spell: Conjure Flame
  1243 | D:2      | Learned a level 3 spell: Mephitic Cloud
  1300 | D:2      | Noticed Jessica
  1305 | D:2      | Killed Jessica
  1305 | D:2      | Reached skill level 4 in Spellcasting
  1395 | D:2      | Reached XP level 4. HP: 39/42 MP: 5/10
  1871 | D:2      | Noticed a phantom
  3015 | D:3      | Noticed Balth's ghost (amateur TrBe)
  3288 | D:2      | Reached XP level 5. HP: 30/50 MP: 0/11
  6073 | D:4      | Reached XP level 6. HP: 61/61 MP: 8/13
  6595 | D:4      | Found an iron altar of Okawaru.
  6789 | D:5      | Entered Level 5 of the Dungeon
  7155 | D:5      | Reached skill level 5 in Spellcasting
  7245 | D:5      | Noticed a sky beast
  7249 | D:5      | Noticed an ice beast
  7252 | D:5      | Slain by a sky beast

Skill      XL: |  1  2  3  4  5  6 |
---------------+-------------------+-----
Conjurations   | 1 2 3 4 |  4.0
Fighting       | 1 2 3 |  3.7
Dodging        | 2 |  2.0
Spellcasting   | 4 5 |  5.0
Stealth        | |  1.4
Summonings     | |  0.8
Translocations | |  0.8

Action                   |  1- 3 |  4- 6 || total
-------------------------+-------+-------++-------
Melee: Unarmed           |    41 |    61 ||   102
 Cast: Magic Dart        |    56 |   295 ||   351
       Blink             |       |     7 ||     7
       Conjure Flame     |       |     3 ||     3
  Eat: Chunk             |     1 |    18 ||    19
Armor: Robe              |    13 |    45 ||    58
Dodge: Dodged            |    35 |   104 ||   139
